 Dungeon Crawl Stone Soup version 0.30-a0-585-g93115170b9 (webtiles) character file.

Game seed: 8277535791699329306

900 bande the Chopper (level 8, -3/48 HPs)
             Began as a Gargoyle Fighter on Jan 3, 2023.
             Slain by an ogre
             ... wielding a +0 giant club
              (14 damage)
             ... on level 4 of the Dungeon.
             The game lasted 00:07:20 (3286 turns).

bande the Chopper (Gargoyle Fighter)                Turns: 3286, Time: 00:07:20

Health: -3/48      AC: 19    Str: 20    XL:     8   Next: 7%
Magic:  8/8        EV:  9    Int:  9    God:
Gold:   203        SH: 10    Dex: 11    Spells: 7/7 levels left

rFire   . . .      SeeInvis .    a - +1 war axe
rCold   . . .      Faith    .    c - +0 buckler
rNeg    + . .      Spirit   .    m - +3 scale mail
rPois   ∞          Reflect  +    r - +1 helmet
rElec   +          Harm     .    (no cloak)
rCorr   .          Rampage  .    v - +0 pair of gloves
Will    .....                    (no boots) Stlth
                                 n - amulet of reflection
HPRegen 0.28/turn                (no ring)
MPRegen 0.11/turn                (no ring)

@: no status effects
A: sickness immunity, AC +5, negative energy resistance 1, electricity
resistance, torment resistance 1, petrification resistance
a: no special abilities


You were on level 4 of the Dungeon.
You visited 1 branch of the dungeon, and saw 6 of its levels.
You also visited: Ossuary.

You collected 203 gold pieces.

Inventory:

Hand Weapons
 a - a +1 war axe (weapon)
 h - the +12 mace of Ruop {freeze, Will+++ Str+5 Int-4}
   (You took it off an orc on level 5 of the Dungeon)

   It freezes those it strikes, dealing additional cold damage.
   It can also slow down cold-blooded creatures.
   Str:       It affects your strength (+5).
   Int:       It affects your intelligence (-4).
   Will:      It greatly increases your willpower.
 l - a +0 flail
Armour
 c - a +0 buckler (worn)
 m - a +3 scale mail (worn)
 q - a +4 scale mail of cold resistance
 r - a +1 helmet (worn)
 v - a +0 pair of gloves (worn)
Jewellery
 n - an amulet of reflection (around neck)
 y - a ring of ice
Wands
 j - a wand of iceblast (12)
 x - a wand of mindburst (12)
Scrolls
 e - a scroll of teleportation
 f - 3 scrolls of amnesia
 g - a scroll of enchant armour
 i - a scroll of identify
 k - 2 scrolls of fear
 u - 2 scrolls of enchant weapon
Potions
 b - 3 potions of heal wounds {unknown}
 d - a potion of might
 o - a potion of degeneration {unknown}
 p - a potion of cancellation {unknown}
 s - a potion of haste {unknown}
 t - 2 potions of curing {unknown}
 w - a potion of invisibility {unknown}


   Skills:
 + Level 4.8 Fighting
 + Level 6.1 Axes
 + Level 5.0 Armour
 - Level 0.5 Dodging
 + Level 0.4 Stealth
 + Level 5.0 Shields


You had 7 spell levels left.
You didn't know any spells.
Your spell library contained the following spells:

 Spells                   Type           Power      Damage    Failure   Level
 Sandblast                Erth           0%         2d4       80%         1
 Passwall                 Tmut/Erth      0%         N/A       91%         2
 Stone Arrow              Conj/Erth      0%         3d7       99%         3


Dungeon Overview and Level Annotations

Branches:
Dungeon (6/15)            Ossuary (visited)
 Temple: D:4-7

Altars:
Qazlal


Innate Abilities, Weirdness & Mutations

You are immune to sickness and miasma.
Your stone body is resilient. (AC +5)
You are immune to poison.
You resist negative energy. (rN+)
You are resistant to electric shocks. (rElec)
You are resistant to unholy torment.
You are immune to petrification.


Message History

The ogre hits you with a +0 giant club.
You hit the ogre.
The ogre is lightly wounded.
An adder comes into view.
You barely miss the ogre.
The ogre is lightly wounded.
You block the ogre's attack.
You barely miss the ogre.
The ogre is lightly wounded.
You block the ogre's attack.
You hit the ogre.
The ogre is lightly wounded.
The ogre hits you with a +0 giant club!!
You are too injured to fight recklessly!
You are too injured to fight recklessly!
You are too injured to fight recklessly!
You are too injured to fight recklessly!
You are too injured to fight recklessly!
You are too injured to fight recklessly!
You are too injured to fight recklessly!
You are too injured to fight recklessly!
Unknown command.
You hit the ogre.
The ogre is lightly wounded.
You barely miss the adder. The adder bites you but does no damage.
The ogre hits you with a +0 giant club!
* * * LOW HITPOINT WARNING * * *
Unknown command.
You hit the ogre but do no damage.
The ogre is lightly wounded.
You slash the adder!
The adder bites you but does no damage. x2
You barely miss the ogre.
The ogre is lightly wounded.
You closely miss the adder. The ogre barely misses you. The adder misses you.
Unknown command.
You barely miss the ogre.
The ogre is lightly wounded.
You hit the adder but do no damage. The adder barely misses you.
The ogre hits you with a +0 giant club!
You die...

.# ....##...?.... .# ..
##.#........... .# .#
##.............. #.#
#.##......#.........
#.##.... #.............
..#...# #.............
.....######......S......
.##.# #....<.#..@O......
....###.................
##...##.........?...<...
##................##.##
#...................#
###.##..............#.
..................#....
..>...........#.#.....
..............#.......


You could see an ogre and an adder.

Vanquished Creatures
  An ice beast (D:5)
  2 scorpions
  2 water moccasin zombies (Ossuary)
  A wight (Ossuary)
  2 centaur zombies (Ossuary)
  A bullfrog zombie (Ossuary)
  A hound (D:5)
  A jelly (D:4)
  A human zombie (Ossuary)
  An orc priest (D:5)
  Jessica (D:3)
  Terence (D:2)
  Ijyb (D:3)
  A scorpion zombie (Ossuary)
  2 ogre zombies (Ossuary)
  Robin (D:3)
  6 adders
  A white imp (D:5)
  An adder zombie (Ossuary)
  A worm (D:3)
  4 dart slugs
  5 orcs
  A bat (D:2)
  3 endoplasms
  3 giant cockroaches
  A gnoll zombie (Ossuary)
  11 goblins
  10 hobgoblins
  8 jackals
  2 quokkas (D:1)
  9 ball pythons
  A frilled lizard (D:1)
  4 goblin zombies (Ossuary)
  3 hobgoblin zombies (Ossuary)
  3 kobolds
  An orc zombie (Ossuary)
  5 rats
103 creatures vanquished.

Vanquished Creatures (others)
  A hobgoblin (D:3)
1 creature vanquished.

Grand Total: 104 creatures vanquished

Notes
Turn   | Place    | Note
-------+----------+-------------------------------------------
     0 | D:1      | bande the Gargoyle Fighter began the quest for the Orb.
     0 | D:1      | Reached XP level 1. HP: 14/14 MP: 1/1
   161 | D:1      | Reached XP level 2. HP: 16/19 MP: 2/2
   230 | D:1      | Reached skill level 2 in Axes
   350 | D:1      | Reached XP level 3. HP: 21/23 MP: 3/3
   847 | D:2      | Noticed Terence
   861 | D:2      | Killed Terence
   862 | D:2      | Reached XP level 4. HP: 4/29 MP: 4/4
  1447 | D:2      | Reached skill level 3 in Axes
  1798 | D:3      | Noticed Robin
  1801 | D:3      | Killed Robin
  1802 | D:3      | Reached XP level 5. HP: 25/33 MP: 5/5
  1821 | D:3      | Noticed Ijyb
  1837 | D:3      | Killed Ijyb
  2068 | D:3      | Found a stormy altar of Qazlal.
  2182 | D:3      | Noticed Jessica
  2186 | D:3      | Killed Jessica
  2345 | D:3      | You fall into a shaft and drop 3 floors!
  2382 | D:5      | Entered Level 5 of the Dungeon
  2402 | D:5      | Identified the +12 mace of Ruop {freeze, Will+++ Str+5
                  | Int-4}
  2412 | D:5      | Reached XP level 6. HP: 21/38 MP: 6/6
  2504 | D:5      | Reached skill level 4 in Axes
  2514 | D:5      | Found a sand-covered staircase.
  2522 | D:5      | Noticed an ice beast
  2524 | Ossuary  | Entered an ossuary
  2581 | Ossuary  | Reached XP level 7. HP: 23/44 MP: 7/7
  2692 | Ossuary  | Reached skill level 5 in Axes
  2730 | Ossuary  | Reached skill level 5 in Armour
  2779 | Ossuary  | Noticed a silent spectre
  2847 | D:5      | Reached skill level 6 in Axes
  2847 | D:5      | Reached XP level 8. HP: 33/48 MP: 8/8
  2928 | D:4      | Reached skill level 5 in Shields
  3286 | D:4      | Slain by an ogre

Illustrated notes

Levels and vault maps discovered:
D:1:      dpeg_arrival_rooms_c, layout_basic, grunt_decor_cap, minmay_bisected
D:2:      layout_basic, uniq_terence
D:3:      layout_basic, grunt_qazlal_clouds, uniq_ijyb, uniq_jessica, uniq_robin
D:4:      layout_rooms, minmay_temple_entry_enclosed_plants,
          saegor_snake_ambush, uniq_eustachio
D:5:      layout_loops_ring, nicolae_overflow_hallway_of_the_gods,
          marbit_many_paths, nicolae_tso_besieged_by_evil, enter_ossuary_3,
          gammafunk_ghost_gnarly_gnolls, minmay_checkerbox, uniq_blork_the_orc
D:6:      layout_basic, nicolae_dithmenos_the_darkroom, ebering_ghost_xom,
          uniq_menkaure

Skill      XL: |  1  2  3  4  5  6  7  8 |
---------------+-------------------------+-----
Axes           | 2 3 4 6 |  6.1
Armour         | 4 5 |  5.0
Fighting       | 4 |  4.8
Shields        | 4 5 |  5.0
Dodging        | |  0.5
Stealth        | |  0.4

Action                   |  1- 3 |  4- 6 |  7- 9 || total
-------------------------+-------+-------+-------++-------
Melee: War axe           |   138 |   150 |    91 ||   379
  Use: Scroll            |       |    10 |     1 ||    11
Armor: Scale mail        |    54 |    61 |    44 ||   159
       Ring mail         |    33 |       |       ||    33
Dodge: Dodged            |    85 |    69 |    46 ||   200
Block: Buckler           |    34 |    88 |    55 ||   177
       Reflection        |       |     3 |       ||     3

Table legend: (Time is in decaauts)
 A = Elapsed time spent in this place.
 B = Non-inter-level travel time spent in this place.
 C = Inter-level travel time spent in this place.
 D = Time resting spent in this place.
 E = Time spent auto-exploring this place.
 F = Levels seen in this place.
 G = Mean time per level.
                   A        B        C        D        E       F      G
               +--------+--------+--------+--------+--------+-----+--------+
         Total |   3428 |   3369 |     59 |    266 |   2070 |   7 |  489.7 |
       Dungeon |   3112 |   3053 |     59 |    189 |   1970 |   6 |  518.7 |
       Ossuary |    316 |    316 |      0 |     77 |    100 |   1 |  316.0 |
               +--------+--------+--------+--------+--------+-----+--------+

Top non-repeatable levels by time:
     D:1: 1006 daAuts
     D:3: 880 daAuts
     D:2: 870 daAuts
 Ossuary: 316 daAuts
     D:5: 256 daAuts
     D:4: 61 daAuts
     D:6: 37 daAuts
